cohdb
Replays
Latest Replays
All Replays
Popular Replays
Top Player Replays
Match Explorer
How It Works
Community
CoH3 Stats
Reddit
Sign in to upload your games and track your stats! →
Sign in with Steam
Match 42758826
Unlisted
Match 42758826
Overview
Messages
Build Orders
End
Construct Section Command Post
Selects Australian Defense Battlegroup
Selects Australian Light Infantry Section
Australian Light Infantry Section
Dingo Light Scout Car
Dingo Light Scout Car
Infantry Section
Selects 2-pounder Anti-tank Gun Team
Construct Platoon Command Post
Infantry Section
Humber Armored Car
Australian Light Infantry Section
CMP 15cwt Truck
TidaL
Biggie Smalls
凉梦丶
龙舞青云
thidea2
Naka ngiti yang Guastatori_TVV
Kei
Juicy Jucci
0
0
Comments
sign in to comment!
No comments posted yet!